 Dungeon Crawl Stone Soup version 0.21-a0-584-g185da8e (webtiles) character file.

100 mortelune the Skirmisher (level 4, -6/37 HPs)
             Began as a Demonspawn Abyssal Knight on Dec 20, 2017.
             Was a Believer of Lugonu.
             Killed from afar by an orc wizard (8 damage)
             ... with a magic dart
             ... on level 3 of the Dungeon.
             The game lasted 00:08:17 (3222 turns).

mortelune the Skirmisher (DsAK)                     Turns: 3222, Time: 00:08:18

Health: -6/37      AC:  6    Str: 13    XL:     4   Next: 47%
Magic:  4/5        EV:  8    Int: 13    God:    Lugonu [**....]
Gold:   77         SH:  7    Dex: 13    Spells: 3/3 levels left

rFire    . . .     SeeInvis .   a - +1 mace
rCold    . . .     Gourm    .   m - +0 shield (curse)
rNeg     . . .     Faith    .   b - +0 leather armour
rPois    .         Spirit   .   (no helmet)
rElec    .         Reflect  .   (no cloak)
rCorr    .         Harm     .   v - +0 pair of gloves
MR       .....                  (no boots)
Stlth    +.........             (no amulet)
HPRegen  0.12/turn              (no ring)
MPRegen  0.09/turn              (no ring)

@: flying
A: slimy green scales 1, rot immunity
a: Depart the Abyss, Bend Space, Renounce Religion


You were on level 3 of the Dungeon.
You worshipped Lugonu.
Lugonu was pleased with you.
You were hungry.

You visited 1 branch of the dungeon, and saw 3 of its levels.
You visited the Abyss 1 time.

You collected 77 gold pieces.

Inventory:

Hand Weapons
 a - a +1 mace (weapon)
Missiles
 f - 103 sling bullets
 p - 8 curare-tipped needles
 q - 4 stones (quivered)
 u - 22 poisoned needles
Armour
 b - a +0 leather armour (worn)
 m - a cursed +0 shield (worn)
 v - a +0 pair of gloves (worn)
Scrolls
 d - a scroll of teleportation
 i - a scroll of noise {unknown}
 j - a scroll of remove curse {unknown}
 k - a scroll of immolation {unknown}
 l - 6 scrolls of identify {unknown}
 n - a scroll of fear {unknown}
 s - a scroll of fog {unknown}
 w - a scroll of blinking {unknown}
Potions
 e - a potion of berserk rage {unknown}
 g - a potion of invisibility {unknown}
 h - a potion of flight
 r - a potion of curing {unknown}
 t - a potion of haste {unknown}
Comestibles
 c - 3 rations


   Skills:
 + Level 3.6 Fighting
 * Level 3.3 Maces & Flails
 - Level 2.1 Armour
 - Level 0.8 Dodging
 + Level 1.2 Shields
 - Level 2.4 Invocations


You had 3 spell levels left.
You didn't know any spells.

Dungeon Overview and Level Annotations

Branches:
Dungeon (3/15)

Altars:
Ashenzari
Okawaru


Innate Abilities, Weirdness & Mutations

You are partially covered in slimy green scales. (AC +2)
You are immune to rotting.


Message History

The orc wizard is severely wounded.
The orc wizard hits you but does no damage.
The orc wizard barely misses you.
You hit the orc wizard.
The orc wizard is almost dead.
The orc wizard points at you and mumbles some strange words.
The magic dart hits you!
* * * LOW HITPOINT WARNING * * *
The orc wizard hits you with a dagger.
* * * LOW HITPOINT WARNING * * *
The orc wizard mumbles some strange words.
The orc wizard blinks!
Space bends around you!
You blink.
It was a potion of flight.
You feel very buoyant.
You fly up into the air.
The orc wizard misses you. You block the orc wizard's attack.
The orc wizard points at you and mumbles some strange words.
The magic dart hits you!
You die...

#....)..........#
####.####.####..#
# ####.####..###
#............#
#.##o####..#.#
#.# #..#.#### #o#
#.......#
#.####.##.##.#
#.@..#.##.#
####.#....#
##.###..#
#.......#
###.###...# ...
#...# #.###..##
##......###.#
#...........#


You could see 2 orc wizards.

Vanquished Creatures
  3 adders (D:3)
  An ooze (D:2)
  4 dart slugs
  A worm (D:2)
  2 leopard geckos (D:2)
  An orc (D:3)
  12 bats
  2 giant cockroaches
  7 goblins
  8 hobgoblins
  6 frilled lizards
  6 kobolds
  5 rats
58 creatures vanquished.

Notes
Turn   | Place    | Note
-------+----------+-------------------------------------------
     0 | Abyss:1  | mortelune the Demonspawn Abyssal Knight began the quest for the Orb.
     0 | Abyss:1  | Reached XP level 1. HP: 18/18 MP: 2/2
     0 | D:1      | Escaped the Abyss
   291 | D:1      | Gained mutation: You are partially covered in slimy green scales. (AC +2) [demonic ancestry]
   291 | D:1      | Reached XP level 2. HP: 24/24 MP: 3/3
   654 | D:1      | Reached * piety under Lugonu
  1503 | D:1      | Gained mutation: You are immune to rotting. [demonic ancestry]
  1503 | D:1      | Reached XP level 3. HP: 27/29 MP: 4/4
  2429 | D:2      | Reached ** piety under Lugonu
  2578 | D:2      | Found a faded altar of an unknown god.
  2691 | D:3      | Found an iron altar of Okawaru.
  2712 | D:3      | Reached skill level 1 in Shields
  2712 | D:3      | Reached XP level 4. HP: 24/35 MP: 5/5
  2859 | D:3      | Found a shattered altar of Ashenzari.
  3222 | D:3      | Killed from afar by an orc wizard

Vault maps used:
D:1:      lightli_arrival_isolated_outpost, minmay_octomino_j4
D:2:      chequers_ecumenical_altar_island
D:3:      lemuel_crystal_altar, lemuel_round_altar, okawaru_ov_weapons_minmay,
          minmay_goblin_outpost, uniq_ijyb, uniq_terence

Skill      XL: |  1  2  3 |
---------------+----------+-----
Maces & Flails | 2 3 |  3.3
Armour         | 2 |  2.1
Shields        | 1 |  1.2
Fighting       | |  3.6
Dodging        | |  0.8
Invocations    | |  2.4

Action                   |  1- 3 |  4- 6 || total
-------------------------+-------+-------++-------
Melee: Mace              |   148 |    41 ||   189
Invok: Depart the Abyss  |     1 |       ||     1
       Bend Space        |       |     1 ||     1
  Use: Scroll            |       |     1 ||     1
       Potion            |       |     1 ||     1
 Stab: Sleeping          |     1 |       ||     1
  Eat: Chunk             |     6 |     1 ||     7
Armor: Leather armour    |    64 |    20 ||    84
Dodge: Dodged            |    77 |    20 ||    97
Block: Shield            |    53 |    15 ||    68

Table legend:
 A = Spawn XP
 B = Non-spawn XP
 C = Spawn XP percentage of total XP
 D = Spawn monster count
 E = Non-spawn monster count
 F = Spawn count percentage of total count
 G = Total turns spent on level
                    A         B        C        D         E        F      G
               +---------+---------+-------+---------+---------+-------+---------
         Total |       0 |     144 |   0.0 |       0 |      58 |   0.0 |  3222
               +---------+---------+-------+---------+---------+-------+---------
           D:1 |       0 |      44 |   0.0 |       0 |      24 |   0.0 |  1618
           D:2 |       0 |      48 |   0.0 |       0 |      24 |   0.0 |  1011
           D:3 |       0 |      52 |   0.0 |       0 |      10 |   0.0 |   593
               +---------+---------+-------+---------+---------+-------+---------
